cohdb
Replays
Latest Replays
All Replays
Popular Replays
Top Player Replays
Match Explorer
How It Works
Community
CoH3 Stats
Reddit
Sign in to upload your games and track your stats! →
Sign in with Steam
Match 38769142
Unlisted
Match 38769142
Overview
Messages
Build Orders
End
Pioneer Squad
Construct Infanterie Kompanie
Grenadier Squad
Grenadier Squad
Grenadier Squad
Infanterie Officer Quarters
MG 42 Machine Gun Team
Construct Luftwaffe Kompanie
Jäger Squad
Jäger Squad
Support Elements
Wirbelwind Flakpanzer
Selects Breakthrough Battlegroup
Selects Rapid Production
MG 42 Machine Gun Team
Jäger Squad
Pioneer Squad
Selects Blitzkrieg
Selects Assault Grenadiers
Marder III M Tank Destroyer
Jäger Squad
Construct Panzergrenadier Kompanie
Pak 40 Anti-tank Gun Team
Pak 40 Anti-tank Gun Team
Selects Tiger Heavy Tank
Selects Breakthrough
MadMax
WeakTendon
0
0
Comments
sign in to comment!
No comments posted yet!